 Seeded DCSS version 0.26.0-91-g99b343417d (webtiles) character file.

Game seed: 11078492930485343510 (custom seed)

141992 delverdan the Peltast (level 17, 0/144 HPs)
             Began as a Hill Orc Fighter on Feb 3, 2021.
             Was the Champion of Qazlal.
             Slain by a salamander
             ... wielding a +0 glaive
              (14 damage)
             ... on level 2 of the Snake Pit.
             The game lasted 00:53:20 (27035 turns).

delverdan the Peltast (Hill Orc Fighter)           Turns: 27035, Time: 00:53:20

Health: 0/144      AC: 31    Str: 30    XL:     17   Next: 34%
Magic:  14/28      EV: 14    Int: 18    God:    Qazlal [******]
Gold:   4191       SH: 34    Dex: 14    Spells: 16/16 levels left

rFire    . . .     SeeInvis .   E - +7 war axe of Amorality {flame, Int+3}
rCold    + + .     Faith    .   T - +5 kite shield {reflect}
rNeg     . . .     Spirit   .   p - +10 plate armour {ponderous}
rPois    +         Reflect  +   y - +0 helmet {Int+3}
rElec    +         Harm     .   (no cloak)
rCorr    .         Rampage  .   (no gloves)
Will     +....                  u - +2 pair of boots
Stlth    ..........             k - amulet "Jipha" {Reflect rC++ Int+2 Dex-2 SH+5}
HPRegen  0.34/turn              P - +6 ring of strength
MPRegen  0.21/turn              G - ring "Ekuv" {+Fly rElec rPois Dex+6 Slay+3}

@: lethally poisoned (0 -> -3), protected from electricity, repel missiles, slow
A: no striking features
a: Renounce Religion, Evoke Flight, Upheaval, Elemental Force, Disaster Area


You were on level 2 of the Snake Pit.
You worshipped Qazlal.
Qazlal was exalted by your worship.
You visited 5 branches of the dungeon, and saw 26 of its levels.
You also visited: Bailey, Gauntlet and Ice Cave.

You collected 4517 gold pieces.
You spent 326 gold pieces at shops.

Inventory:

Hand Weapons
 E - the +7 war axe of Amorality (weapon) {flame, Int+3}
   (You found it on level 7 of the Dungeon)

   It has been specially enchanted to burn those struck by it, causing extra
   injury to most foes and up to half again as much damage against particularly
   susceptible opponents.
   Big, fiery blades are also staple armaments of hydra-hunters.
   It affects your intelligence (+3).
Armour
 p - a +10 plate armour of ponderousness (worn)
 u - a +2 pair of boots (worn)
 y - a +0 helmet of intelligence (worn)
 T - a +5 kite shield of reflection (worn)
Jewellery
 k - the amulet "Jipha" (around neck) {Reflect rC++ Int+2 Dex-2 SH+5}
   (You acquired it on level 4 of the Lair of Beasts)

   [amulet of reflection]

   It shields you and reflects attacks.
   It affects your intelligence (+2).
   It affects your dexterity (-2).
   It greatly protects you from cold.
   It affects your SH (+5).
 G - the ring "Ekuv" (right hand) {+Fly rElec rPois Dex+6 Slay+3}
   (You acquired it on level 10 of the Dungeon)

   [ring of dexterity]

   It affects your dexterity (+6).
   It affects your accuracy and damage with ranged weapons and melee attacks
   (+3).
   It insulates you from electricity.
   It protects you from poison.
   It lets you fly.
 H - an uncursed amulet of faith
 N - the ring "Galaelun" {rC+ MP+9 Dex+6 SInv}
   (You acquired it on level 10 of the Dungeon)

   [ring of dexterity]

   It affects your dexterity (+6).
   It protects you from cold.
   It affects your magic capacity (+9).
   It lets you see invisible.
 P - a +6 ring of strength (left hand)
 Q - the ring of Vouvim {rPois rF+++ rC- rN++ Str-5}
   (You found it in a Gauntlet)

   [ring of poison resistance]

   It affects your strength (-5).
   It renders you almost immune to fire.
   It makes you vulnerable to cold.
   It protects you from poison.
   It greatly protects you from negative energy.
Wands
 v - a wand of iceblast (9)
 z - a wand of digging (11)
 V - a wand of acid (25)
 W - a wand of flame (66)
Scrolls
 c - a scroll of vulnerability
 d - 5 scrolls of enchant armour
 e - 4 scrolls of noise
 f - a scroll of magic mapping
 g - 16 scrolls of remove curse
 i - 4 scrolls of fog
 m - 6 scrolls of blinking
 t - 2 scrolls of identify
 x - 4 scrolls of enchant weapon
 A - a scroll of holy word
 B - 14 scrolls of teleportation
 D - a scroll of summoning
 I - 2 scrolls of immolation
 U - a scroll of acquirement
Potions
 a - a potion of berserk rage
 b - 6 potions of cancellation
 h - 5 potions of lignification
 j - 2 potions of attraction
 l - 2 potions of invisibility
 n - 5 potions of mutation
 o - 3 potions of resistance
 q - a potion of haste
 r - 11 potions of curing
 s - 2 potions of ambrosia
 w - 4 potions of brilliance
 J - 4 potions of might
 K - 2 potions of heal wounds
 M - 3 potions of flight
 S - 3 potions of degeneration
 Y - 2 potions of magic
Miscellaneous
 O - a condenser vane
 R - a tin of tremorstones (2/2)
 Z - a phantom mirror


   Skills:
 - Level 11.1 Fighting
 - Level 16.1 Axes
 - Level 13.0 Armour
 - Level 11.2 Dodging
 - Level 17.6 Shields
 + Level 15.3 Invocations


You had 16 spell levels left.
You didn't know any spells.
Your spell library contained the following spells:

 Spells                   Type           Power        Failure   Level
 Beastly Appendage        Tmut           0%           80%         1
 Magic Dart               Conj           0%           80%         1
 Searing Ray              Conj           0%           90%         2
 Wereblood                Tmut           0%           90%         2
 Call Canine Familiar     Summ           0%           99%         3
 Dazzling Flash           Conj/Hex       0%           99%         3
 Spider Form              Tmut/Pois      0%           99%         3
 Fulminant Prism          Conj/Hex       0%           100%        4
 Ice Form                 Ice/Tmut       0%           100%        4
 Iskenderun's Mystic Bla  Conj/Tloc      0%           100%        4
 Leda's Liquefaction      Hex/Erth       0%           100%        4
 Blade Hands              Tmut           0%           100%        5
 Bolt of Magma            Conj/Fire/Erth 0%           100%        5
 Summon Demon             Summ           0%           100%        5
 Summon Forest            Summ/Tloc      0%           100%        5
 Summon Mana Viper        Hex/Summ       0%           100%        5
 Iron Shot                Conj/Erth      0%           100%        6
 Shadow Creatures         Summ           N/A          100%        6
 Statue Form              Tmut/Erth      0%           100%        6
 Summon Hydra             Summ           0%           100%        7
 Shatter                  Erth           0%           100%        9


Dungeon Overview and Level Annotations

Branches:
Dungeon (15/15)            Temple (1/1) D:4            Lair (6/6) D:8
  Swamp (0/4) Lair:3        Snake (2/4) Lair:4        Slime (0/5) Lair:5
    Orc (2/2) D:11            Elf (0/3) Orc:2        Vaults (0/5) D:14
 Depths (0/5) D:15         Bailey (visited)           IceCv (visited)
Gauntlet (visited)

Altars:
Ashenzari
Cheibriados
Dithmenos
Elyvilon
Fedhas
Gozag
Hepliaklqana
Kikubaaqudgha
Makhleb
Nemelex Xobeh
Okawaru
Qazlal
Ru
Sif Muna
Trog
Uskayaw
Vehumet
Wu Jian
Xom
Yredelemnul
Zin
The Shining One
Beogh
Jiyva
Lugonu

Shops:
D:4 *   D:7 [   D:8 *   D:12 }   D:13 *   Orc:2 *[(:

Portals:
Trove: D:14 (give +2 gold dragon scales)

Annotations:
Snake:2 3 runed translucent doors, wrhowe's ghost, journeyman MiFi
Orc:1 3 runed translucent doors, Dinant's ghost, journeyman DsMo; Iduumew's ghost, adept FoFi; Kaxaet's ghost, journeyman MfVM; esran's ghost, journeyman TrFi


Message History

You slice the salamander mystic!!
You kill the salamander mystic!
Qazlal accepts your kill.
You feel sick.
Unknown command.
You feel sick. You block the salamander's attack.
Found a scroll of vulnerability.
Items here: )) [[ ††††.
You feel sick.
You hear an angry hiss.
You block the salamander's attack.
There is a shimmering altar of Xom here.
Things that are here:
a scroll of teleportation; an anaconda corpse You hit the salamander.
The salamander is almost dead.
The salamander hits you with a +0 glaive!
* * * LOW HITPOINT WARNING * * *
You are engulfed in flames!
You die...

}.#...#.......#
#.#..+.#.....###
.....+..).......
#.#.S+†≈≈.......
.#.NS#.≈...##### .
....W#.#..≈.#####..
######.≈.☼○○≈○≈....
.......(.○≈N§≈.....
.######.#))@.(.#
#.#)§.≈..#
##°)§)§.##
....≈.)..>...
.?.....††...≈≈.
########.##≈### .#.
..# # .#.[.. .. ..


You could see a salamander, a shock serpent, a black mamba and wrhowe's ghost.

Vanquished Creatures
  2 nagarajas (Snake:2)
  Donald (Snake:1)
  2 orc warlords
  A minotaur (Gauntlet)
  An ogre mage (D:15)
  Josephine (D:11)
  Harold (D:10)
  The ghost of kaeus the Covert, a journeyman OpEn of Gozag (Lair:2)
  3 ice dragons
  6 naga warriors
  9 vault guards (D:14)
  A boulder beetle (D:14)
  8 hydras
  A catoblepas (Lair:2)
  6 anacondas
  A centaur warrior (D:15)
  A tengu warrior (D:14)
  Erica (D:10)
  10 two-headed ogres
  10 death yaks
  2 naga sharpshooters
  3 shock serpents
  An orc high priest (Orc:2)
  Urug (Lair:2)
  2 salamander mystics (Snake:2)
  2 unseen horrors
  3 naga ritualists
  2 bog bodies (Lair:3)
  A necromancer (Gauntlet)
  An orc sorcerer (Orc:2)
  2 oklob plants
  An orc knight (Orc:2)
  7 mana vipers
  4 cyclopes
  4 salamanders (Snake:2)
  A manticore (D:14)
  13 ugly things
  8 elephants (Lair:5)
  A guardian serpent (Snake:2)
  31 black mambas
  A rust devil (Gauntlet)
  3 ice statues (IceCv)
  3 gargoyles
  Maggie (D:10)
  5 naga magi
  2 minotaur zombies (Gauntlet)
  6 komodo dragons
  A rime drake (Lair:5)
  5 kobold demonologists
  13 cane toads
  A harpy zombie (D:14)
  10 polar bears
  5 trolls
  14 blink frogs
  5 hornets (Lair:6)
  7 slime creatures
  13 dream sheep
  Sigmund (D:2)
  11 spriggans (Lair:6)
  8 wraiths
  2 vampires
  6 wyverns
  A ynoxinul (Gauntlet)
  47 yaks
  6 basilisks
  Eustachio (D:4)
  9 vampire mosquitoes
  A steam dragon (D:12)
  20 nagas
  4 swamp worms
  3 wargs
  Duvessa (D:4)
  2 acid dragons
  2 soldier ants
  14 water moccasins
  9 ice beasts
  6 sky beasts
  32 orc warriors
  8 black bears
  2 phantoms
  2 necrophages (D:12)
  2 eyes of draining
  7 ogres
  36 wolves
  5 boggarts (Lair:6)
  4 centaurs
  17 bullfrogs
  8 big kobolds
  Blork the orc (D:4)
  Dowan (D:4)
  A water moccasin zombie (D:12)
  8 scorpions
  7 killer bees
  16 wights
  A howler monkey (D:4)
  3 electric eels
  2 bullfrog zombies
  2 centaur zombies
  8 hounds
  2 iron imps (Gauntlet)
  6 bullfrog skeletons
  A gnoll shaman (D:4)
  26 orc priests
  3 jellies
  6 centaur skeletons
  8 worker ants
  6 iguanas
  22 orc wizards
  2 hound zombies
  5 hound skeletons
  Robin (D:2)
  14 adders
  12 gnolls
  3 shadow imps
  4 white imps
  An ufetubus (D:9)
  3 oozes
  3 adder skeletons
  4 worms
  A dart slug (D:2)
  4 leopard geckos
  96 orcs
  11 bats
  6 giant cockroaches
  14 hobgoblins
  6 jackals
  36 kobolds
  3 quokkas
  2 ball pythons (D:2)
  3 frilled lizards
  24 goblins
  2 jackal skeletons (D:4)
  A jackal zombie (D:3)
  A quokka skeleton (D:4)
  10 rats
  2 bushes (Lair:4)
  2 butterflies
935 creatures vanquished.

Vanquished Creatures (others)
  30 fungi
  76 plants
106 creatures vanquished.

Grand Total: 1041 creatures vanquished

Notes
Turn   | Place    | Note
-------+----------+-------------------------------------------
     0 | D:1      | delverdan the Hill Orc Fighter began the quest for the Orb.
     0 | D:1      | Reached XP level 1. HP: 19/19 MP: 1/1
    37 | D:1      | Reached XP level 2. HP: 18/27 MP: 2/2
   194 | D:1      | Reached XP level 3. HP: 33/33 MP: 3/3
   879 | D:2      | Reached skill level 4 in Shields
   879 | D:2      | Reached XP level 4. HP: 29/40 MP: 4/4
   996 | D:2      | Noticed Robin
  1318 | D:2      | Killed Robin
  1457 | D:2      | Reached skill level 5 in Axes
  1457 | D:2      | Reached XP level 5. HP: 40/46 MP: 5/5
  1587 | D:2      | Found a shadowy altar of Dithmenos.
  1900 | D:2      | Noticed Sigmund
  1923 | D:2      | Killed Sigmund
  1924 | D:2      | Reached XP level 6. HP: 33/52 MP: 6/6
  2035 | D:2      | Reached XP level 7. HP: 74/74 MP: 7/7
  2036 | D:2      | Reached skill level 10 in Shields
  2036 | D:2      | Reached XP level 8. HP: 82/82 MP: 8/8
  2555 | D:3      | Found a sacrificial altar of Ru.
  2560 | D:3      | Found a transporter.
  2569 | D:3      | Found a transporter.
  2748 | D:3      | Found a faded altar of an unknown god.
  3459 | D:4      | Noticed Duvessa
  3462 | D:4      | Noticed Dowan
  3469 | D:4      | Killed Duvessa
  3476 | D:4      | Killed Dowan
  3477 | D:4      | Reached XP level 9. HP: 81/89 MP: 9/9
  3542 | D:4      | Found a staircase to the Ecumenical Temple.
  3552 | D:4      | Noticed Blork the orc
  3555 | D:4      | Noticed Eustachio
  3582 | Temple   | Entered the Ecumenical Temple
  3878 | Temple   | Became a worshipper of Qazlal Stormbringer
  3910 | D:4      | Killed Blork the orc
  3939 | D:4      | Killed Eustachio
  3940 | D:4      | Reached skill level 5 in Armour
  4038 | D:4      | Found Ythrioto's General Store.
  4046 | D:4      | Bought a +2 pair of boots for 198 gold pieces
  4110 | D:4      | Got a creamy pearl robe
  4114 | D:4      | Identified the +1 robe of Vyq Haqe {rF+ Will++} (You found
                  | it on level 4 of the Dungeon)
  4143 | D:4      | Identified the cursed +3 hand axe of the Inquisitive Towns
                  | {vorpal, rElec rPois Will- Str+7}
  4334 | D:4      | Reached * piety under Qazlal
  4623 | D:5      | Entered Level 5 of the Dungeon
  4972 | D:5      | Found a burning altar of Makhleb.
  5146 | D:5      | Identified the Disquisition on Slavery
  5686 | D:6      | Reached skill level 1 in Invocations
  5828 | D:6      | Reached ** piety under Qazlal
  6206 | D:7      | Found Uxkoira's Armour Emporium.
  6219 | D:7      | Got a steaming war axe
  6220 | D:7      | Identified the +7 war axe of Amorality {flame, Int+3} (You
                  | found it on level 7 of the Dungeon)
  6406 | D:7      | Reached XP level 10. HP: 95/95 MP: 12/12
  6711 | D:8      | Found Cotumez's Changing Room.
  6744 | D:8      | Bought a potion of mutation for 128 gold pieces
  6896 | D:8      | Found a blossoming altar of Fedhas.
  6993 | D:8      | Reached skill level 5 in Invocations
  7199 | D:8      | Found a glowing silver altar of Zin.
  7199 | D:8      | Found an iron altar of Okawaru.
  7199 | D:8      | Found a broken altar of Ashenzari.
  7199 | D:8      | Found a white marble altar of Elyvilon.
  7205 | D:8      | Found a radiant altar of Vehumet.
  7205 | D:8      | Found a blossoming altar of Fedhas.
  7289 | D:8      | Reached *** piety under Qazlal
  7320 | D:8      | Found a staircase to the Lair.
  7501 | D:9      | Found a flagged portal.
  7529 | Bailey   | Entered a bailey
  7563 | Bailey   | Noticed an orc warlord
  7567 | Bailey   | Reached **** piety under Qazlal
  7655 | Bailey   | Found a runed translucent gate.
  7661 | Bailey   | Found a runed translucent gate.
  7663 | Bailey   | Found a runed translucent gate.
  7721 | Bailey   | Killed an orc warlord
  7722 | Bailey   | Reached skill level 10 in Invocations
  7722 | Bailey   | Reached XP level 11. HP: 32/102 MP: 16/18
  8003 | Bailey   | Got an encrusted whip
  8004 | Bailey   | Identified the +8 whip of Coxket {venom, *Contam rElec rF++
                  | Stlth+} (You found it in a bailey)
  8263 | D:9      | Noticed a two-headed ogre
  8788 | D:9      | Found a shimmering altar of Xom.
  8829 | D:9      | Killed a two-headed ogre
  9059 | D:9      | Noticed a two-headed ogre
  9069 | D:9      | Killed a two-headed ogre
  9512 | D:10     | Entered Level 10 of the Dungeon
  9515 | D:10     | Noticed Harold
  9525 | D:10     | Noticed Erica
  9538 | D:10     | Killed Harold
  9539 | D:10     | Killed Erica
  9572 | D:10     | Got a fine whip
  9573 | D:10     | Identified the cursed +1 whip of Light {speed, rC+} (You
                  | found it on level 10 of the Dungeon)
  9580 | D:10     | Identified 3 scrolls of acquirement
  9580 | D:10     | Acquired 917 gold pieces
  9586 | D:10     | Acquired the ring "Galaelun" {rC+ MP+9 Dex+6 SInv}
  9588 | D:10     | Acquired the ring "Ekuv" {+Fly rElec rPois Dex+6 Slay+3}
  9914 | D:10     | Reached ***** piety under Qazlal
 10356 | D:10     | Found a corrupted altar of Lugonu.
 10522 | D:10     | Noticed Maggie
 10536 | D:10     | Killed Maggie
 10961 | D:11     | Reached XP level 12. HP: 100/110 MP: 22/22
 11410 | D:11     | Found a staircase to the Orcish Mines.
 11419 | D:11     | Identified the +6 short sword of Amortisation {vamp, +Blink
                  | Dex+4}
 11564 | D:11     | Noticed Josephine
 11569 | D:11     | Killed Josephine
 11887 | D:12     | Noticed a four-headed hydra
 11892 | D:12     | Reached skill level 15 in Axes
 11898 | D:12     | Killed a one-headed hydra
 11912 | D:12     | Reached ****** piety under Qazlal
 12350 | D:12     | Found Bank's Gadget Shop.
 12836 | D:12     | You fall into a shaft and drop 2 floors!
 12836 | D:14     | Found a gate to the Vaults.
 12836 | D:14     | Noticed a vault guard
 12836 | D:14     | Noticed a vault guard
 12836 | D:14     | Noticed a vault guard
 12836 | D:14     | Noticed a vault guard
 12836 | D:14     | Noticed a vault guard
 12836 | D:14     | Noticed a vault guard
 12836 | D:14     | Noticed a vault guard
 12836 | D:14     | Noticed a tengu warrior
 12837 | D:14     | Noticed a vault guard
 12840 | D:14     | Killed a vault guard
 12840 | D:14     | Killed a vault guard
 12840 | D:14     | Killed a tengu warrior
 12840 | D:14     | Killed a vault guard
 12840 | D:14     | Killed a vault guard
 12840 | D:14     | Killed a vault guard
 12841 | D:14     | Reached XP level 13. HP: 78/116 MP: 18/23
 12845 | D:14     | Killed a vault guard
 12845 | D:14     | Killed a vault guard
 12845 | D:14     | Killed a vault guard
 12846 | D:14     | Reached skill level 10 in Armour
 13378 | D:13     | Found Pearheq's Assorted Antiques.
 13473 | D:13     | Found a frozen archway.
 13473 | D:13     | Noticed an ice dragon
 13500 | D:13     | Killed an ice dragon
 13501 | D:13     | Reached skill level 1 in Dodging
 13501 | D:13     | Reached XP level 14. HP: 89/124 MP: 24/24
 13540 | IceCv    | Entered an ice cave
 13679 | IceCv    | Got a pitted glaive
 13684 | IceCv    | Got spiked ice dragon scales
 13696 | IceCv    | Identified the cursed +0 ice dragon scales of the Turtle
                  | {*Drain rElec rF- rC++ Str+6 Stlth+} (You found it in an
                  | ice cave)
 13697 | IceCv    | Identified the +4 glaive of the Harvest {freeze, rN+} (You
                  | found it in an ice cave)
 14607 | D:14     | Reached skill level 5 in Dodging
 14909 | D:14     | Found a portal to a secret trove of treasure.
 15341 | D:15     | Entered Level 15 of the Dungeon
 15675 | D:15     | Found a staircase to the Depths.
 16170 | Orc:1    | Entered Level 1 of the Orcish Mines
 16271 | Orc:1    | Found a runed translucent gate.
 16271 | Orc:1    | Found a runed translucent gate.
 16271 | Orc:1    | Found a runed translucent gate.
 16272 | Orc:1    | Noticed Kaxaet's ghost (journeyman MfVM)
 16272 | Orc:1    | Noticed Dinant's ghost (journeyman DsMo)
 16273 | Orc:1    | Noticed esran's ghost (journeyman TrFi)
 16273 | Orc:1    | Noticed Iduumew's ghost (adept FoFi)
 16426 | Orc:2    | Entered Level 2 of the Orcish Mines
 16487 | Orc:2    | Noticed an orc warlord
 16493 | Orc:1    | HP: 6/124 [poisoned by an orange demon]
 17011 | Orc:2    | Killed an orc warlord
 17223 | Orc:2    | Found a roughly hewn altar of Beogh.
 17241 | Orc:2    | Reached XP level 15. HP: 129/129 MP: 25/25
 17256 | Orc:2    | Found a roughly hewn altar of Beogh.
 17265 | Orc:2    | Found a roughly hewn altar of Beogh.
 17528 | Orc:2    | Found a roughly hewn altar of Beogh.
 17600 | Orc:2    | Found a roughly hewn altar of Beogh.
 17619 | Orc:2    | Found Zehuqoedgh's Assorted Antiques.
 17758 | Orc:2    | Found Eggamm's Book Emporium.
 17822 | Orc:2    | Found Kiciynes's Antique Armour Boutique.
 17823 | Orc:2    | Found a roughly hewn altar of Beogh.
 17824 | Orc:2    | Found Kocadoet's Antique Weapon Shop.
 18043 | Orc:2    | Found a staircase to the Elven Halls.
 18061 | Orc:2    | Found a roughly hewn altar of Beogh.
 18690 | Lair:1   | Entered Level 1 of the Lair of Beasts
 18728 | Lair:1   | Reached skill level 10 in Dodging
 19587 | Lair:2   | Noticed Urug
 19601 | Lair:2   | Killed Urug
 20013 | Lair:2   | Found a runed translucent gate.
 20013 | Lair:2   | Noticed kaeus's ghost (journeyman OpEn)
 20014 | Lair:2   | Found a runed translucent gate.
 20015 | Lair:2   | Found a runed translucent gate.
 20334 | Lair:2   | Killed kaeus's ghost
 20345 | Lair:2   | Got a warped scimitar
 20501 | Temple   | Identified the cursed +0 scimitar of Ihoiptor {speed, *Slow
                  | +Inv Dex+4} (You found it on level 2 of the Lair of Beasts)
 20882 | Lair:3   | Reached skill level 11 in Shields
 20897 | Lair:3   | Found a gate leading to a gauntlet.
 20942 | Gauntlet | Entered a Gauntlet
 20942 | Gauntlet | Found a transporter.
 20942 | Gauntlet | Found a runed translucent gate.
 20942 | Gauntlet | Found a transporter.
 20946 | Gauntlet | Found a runed translucent door.
 20947 | Gauntlet | Found a runed translucent gate.
 20947 | Gauntlet | Found a runed translucent gate.
 20948 | Gauntlet | Found a transporter.
 20950 | Gauntlet | Found a runed translucent door.
 20960 | Gauntlet | Found a transporter.
 20978 | Gauntlet | Found a transporter.
 20978 | Gauntlet | Found a transporter.
 20978 | Gauntlet | Found a transporter.
 20980 | Gauntlet | Found a transporter.
 20980 | Gauntlet | Found a transporter.
 20992 | Gauntlet | Found a transporter.
 21008 | Gauntlet | Found a transporter.
 21017 | Gauntlet | Found a runed translucent door.
 21018 | Gauntlet | Found a transporter.
 21019 | Gauntlet | Found a runed translucent door.
 21032 | Gauntlet | Found a transporter.
 21052 | Gauntlet | Found a transporter.
 21362 | Gauntlet | Reached skill level 12 in Shields
 21372 | Gauntlet | Got a heavily runed ivory ring
 21564 | Gauntlet | Identified the ring of Vouvim {rPois rF+++ rC- rN++ Str-5}
                  | (You found it in a Gauntlet)
 22346 | Lair:3   | Found a staircase to the Swamp.
 22527 | Lair:4   | Reached skill level 13 in Shields
 22713 | Lair:4   | Reached XP level 16. HP: 137/137 MP: 26/26
 22752 | Lair:4   | Found a staircase to the Snake Pit.
 23554 | Lair:4   | Got a brightly glowing ring mail
 23555 | Lair:4   | Identified the cursed +1 ring mail of Sorcery {Int+4 Dex+3}
                  | (You found it on level 4 of the Lair of Beasts)
 23557 | Lair:4   | Acquired the amulet "Jipha" {Reflect rC++ Int+2 Dex-2 SH+5}
 23658 | Lair:5   | Found a staircase to the Slime Pits.
 23659 | Lair:5   | Found a viscous altar of Jiyva.
 24115 | Lair:5   | Reached skill level 14 in Shields
 24537 | Lair:6   | Entered Level 6 of the Lair of Beasts
 25403 | Lair:6   | Reached skill level 15 in Shields
 26082 | Snake:1  | Entered Level 1 of the Snake Pit
 26083 | Snake:1  | Noticed Donald
 26098 | Snake:1  | Killed Donald
 26190 | Snake:1  | Reached skill level 16 in Shields
 26920 | Snake:2  | Noticed a nagaraja
 26929 | Snake:2  | Killed a nagaraja
 26965 | Snake:2  | Reached skill level 17 in Shields
 26969 | Snake:2  | Found a runed translucent gate.
 26970 | Snake:2  | Found a runed translucent gate.
 26973 | Snake:2  | Noticed a nagaraja
 26976 | Snake:2  | Found a runed translucent gate.
 26981 | Snake:2  | Noticed wrhowe's ghost (journeyman MiFi)
 26984 | Snake:2  | Found a shimmering altar of Xom.
 26991 | Snake:2  | Reached XP level 17. HP: 144/144 MP: 27/27
 27029 | Snake:2  | Reached skill level 15 in Invocations
 27035 | Snake:2  | Slain by a salamander

Illustrated notes

Levels and vault maps discovered:
D:1:      wheals_arrival_linesprint, layout_basic
D:2:      layout_loops_ring, lemuel_round_altar, uniq_robin, uniq_sigmund
D:3:      layout_rooms, gammafunk_temple_overflow_arena,
          chequers_ecumenical_altar_lobes
D:4:      cheibrodos_barr_body, layout_gridville,
          minmay_temple_entry_enclosed_plants, serial_shops, shop,
          uniq_blork_the_orc, uniq_duvessa, uniq_eustachio
D:5:      layout_basic, lemuel_crystal_altar
D:6:      layout_gridville
D:7:      layout_basic, serial_shops, shop, kennysheep_generic_room_5
D:8:      layout_rooms, minmay_overflow_temple_hex, david_lair_generic,
          basic_altar, kennysheep_big_empty_room, nicolae_transmutations_shop
D:9:      layout_irregular_city, lemuel_doored_altar, serial_glass,
          glass_columns_a, glass_columns_a, enter_bailey_5
D:10:     kennysheep_kobold_lugonu_temple, layout_basic, uniq_erica,
          uniq_maggie, uniq_harold
D:11:     layout_loops_corners, orc_0_dummy, uniq_josephine
D:12:     layout_loops_ring, serial_shops, shop_coins
D:13:     layout_roguey, serial_shops, shop,
          portal_ice_cave_entry_animals_and_master
D:14:     layout_cave_pools, erik_vaults_2, enter_trove_5,
          kennysheep_cross_bottleneck
D:15:     grunt_enter_depths_hoard, layout_gridville,
          hangedman_abyss_or_decor_stagger
Temple:   hc_temple_tempest_star
Lair:1:   layout_regular_city, hangedman_lair_unloving_vines, grunt_megastairs_5
Lair:2:   layout_gridlike, gammafunk_ghost_hydra_chop, uniq_urug
Lair:3:   layout_long_grid, nicolae_swamp_entry_splash_gauntlet,
          gauntlet_entry_generic, grunt_forest_small_clearing_treed,
          lemuel_fruit_fields
Lair:4:   layout_gridlike, guppyfry_snake_entry_garden,
          minmay_lair_oklob_bushes, lemuel_fruit_fields
Lair:5:   layout_cave_pods, slime_altar_1, serial_bayou_shore_a
Lair:6:   minmay_lair_end_enchanted_forest, layout_cave_pods, serial_rivers,
          chequers_serial_rivers_micro_b, chequers_serial_rivers_small_b,
          chequers_serial_rivers_room_a, chequers_serial_rivers_marsh,
          chequers_serial_rivers_micro_e, chequers_serial_rivers_micro_a
Snake:1:  layout_misc_corridors, uniq_donald
Snake:2:  layout_onion, basic_altar, gammafunk_ghost_split, grunt_ministairs_9,
          evilmike_ambush [evilmike_ambush_outer_pillars,
          evilmike_ambush_inner_basic]
Orc:1:    layout_caves, gammafunk_ghost_cemetery
Orc:2:    grunt_orc_community_town_hall, layout_caves,
          grunt_orc_community_big_house_1, grunt_orc_community_big_house_1,
          grunt_orc_community_house_2, grunt_orc_community_house_3,
          grunt_orc_community_house_1, grunt_orc_community_house_2, basic_altar,
          mines3_lemuel

Skill      XL: |  1  2  3  4  5  6  7  8  9 10 11 12 13 14 15 16 17 |
---------------+----------------------------------------------------+-----
Axes           | 3 5 7 13 16 | 16.1
Fighting       | 4 11 | 11.1
Armour         | 4 6 9 13 | 13.0
Shields        | 4 10 13 17 | 17.6
Invocations    | 2 10 13 14 15 | 15.3
Dodging        | 1 9 11 | 11.2

Action                   |  1- 3 |  4- 6 |  7- 9 | 10-12 | 13-15 | 16-18 || total
-------------------------+-------+-------+-------+-------+-------+-------++-------
Melee: War axe           |    48 |   115 |   274 |   438 |   820 |   492 ||  2187
       Hand axe          |       |       |    48 |       |       |       ||    48
Invok: Disaster Area     |       |       |       |     2 |     4 |     2 ||     8
       Upheaval          |       |       |       |       |     4 |       ||     4
  Use: Potion            |       |     2 |     1 |     1 |     2 |       ||     6
       Scroll            |       |       |     6 |    17 |    17 |     3 ||    43
Armor: Scale mail        |    27 |    49 |    13 |       |       |       ||    89
       Chain mail        |       |       |    86 |    45 |       |       ||   131
       Plate armour      |       |       |       |    70 |   147 |    74 ||   291
Dodge: Dodged            |    19 |    45 |    52 |    62 |   107 |    63 ||   348
       Repelled          |       |       |       |     2 |     5 |     5 ||    12
Block: Kite shield       |    26 |    55 |   154 |   334 |   626 |   527 ||  1722
       Reflection        |       |       |       |       |    33 |    41 ||    74
